 Dungeon Crawl Stone Soup version 0.31.0-12-g77e489cdc1 (webtiles) character file.

Game seed: 14999576310479386825

9 Goblin1989 the Sneak (level 2, 0/24 HPs)
             Began as a Demonspawn Delver on Feb 16, 2024.
             Was an Initiate of Cheibriados.
             Slain by an orc
             ... wielding a +0 hand axe
              (2 damage)
             ... on level 5 of the Dungeon.
             The game lasted 00:03:00 (224 turns).

Goblin1989 the Sneak (Demonspawn Delver)             Turns: 224, Time: 00:03:01

Health: 0/24       AC:  5    Str: 13    XL:     2   Next: 3%
Magic:  2/2        EV: 11    Int: 11    God:    Cheibriados [......]
Gold:   29         SH:  0    Dex: 15    Spells: 1/1 levels left

rFire   . . .        a - +0 mace
rCold   . . .        (no shield)
rNeg    . . .        b - +0 leather armour
rPois   .            (no helmet)
rElec   .            (no cloak)
rCorr   .            (no gloves)
SInv    .            (no boots)
Will    .....        (no amulet)
Stlth   +++          (no ring)
HPRegen 0.24/turn    (no ring)
MPRegen 0.08/turn

%: no passive effects
@: slow
A: molten scales 1
a: Renounce Religion


You were on level 5 of the Dungeon.
You worshipped Cheibriados.
Cheibriados was noncommittal.
You visited 2 branches of the dungeon, and saw 2 of its levels.

You collected 29 gold pieces.

Inventory:

Hand Weapons
 a - a +0 mace (weapon)
Armour
 b - a +0 leather armour (worn)
Wands
 g - a wand of digging (3) {@v3}
Scrolls
 c - a scroll of fog
 d - a scroll of revelation
 e - a scroll of fear
 h - a scroll of noise {unknown}
 i - a scroll of teleportation {unknown}
Potions
 f - a potion of haste {@q3,}


   Skills:
 - Level 3.0 Fighting
 + Level 2.5 Maces & Flails
 - Level 1.7 Dodging
 - Level 4.5 Stealth


You had one spell level left.
You didn't know any spells.
Your spell library was empty.

Dungeon Overview and Level Annotations

Branches:
Dungeon (5/15) Zot: 8731   Temple (1/1) D:5 Zot: 8980

Altars:
Cheibriados
Dithmenos
Gozag
Hepliaklqana
Makhleb
Nemelex Xobeh
Okawaru
Ru
Trog
Uskayaw
Vehumet
Xom
Yredelemnul


Innate Abilities, Weirdness & Mutations

You are partially covered in molten scales. (AC +2)


Message History

Options error: Unknown explore stop condition 'gates' (Goblin1989.rc:83) Welcome, Goblin1989 the Demonspawn Delver.
It's a long way down to the Orb of Zot, but that shouldn't be any trouble.
Press ? for a list of commands and other information.
Found 13 gold pieces and a scroll labelled SINTAC ZANUMYR.
Found a stone staircase leading down and a staircase to the Ecumenical Temple.
You now have 13 gold pieces.
Found 16 gold pieces.
There is a staircase to the Ecumenical Temple here.
You climb downwards.
Welcome to the Ecumenical Temple!
Found fifteen altars.
Found a staircase back to the Dungeon.
There is a staircase back to the Dungeon here.
There is a snail-covered altar of Cheibriados here.
You kneel at the altar of Cheibriados.
Cheibriados welcomes you!
Cheibriados begins to support your attributes as your movement slows.
Cheibriados is now slowing the effects of poison on you.
There are no items here.
Unknown command.
Press < or > to pray at altars.
There is a staircase back to the Dungeon here.
You climb upwards.
There is a staircase to the Ecumenical Temple here.
h - a scroll labelled SINTAC ZANUMYR You now have 29 gold pieces (gained 16).
An iguana comes into view.
Found an escape hatch in the ceiling.
Found a scroll labelled IMOLAFO AMIO.
i - a scroll labelled IMOLAFO AMIO You open the door.
There is an open door here.
You open the door.
A hound comes into view.
Found 9 gold pieces.
You close the door.
There is an open door here.
You open the door.
There is an open door here.
A gnoll comes into view. It is wielding a +0 spear.
There is an open door here.
A jelly comes into view.
There is an open door here.
Found an escape hatch in the floor.
There is an escape hatch in the floor here.
Found a scroll labelled ZYT WURAKHLAUPTOMP.
An adder and an orc come into view.
Found a stone staircase leading up.
Unknown command.
The adder hisses angrily.
The orc shouts!
You hit the adder but do no damage. The adder bites you but does no damage.
You miss the adder. The adder barely misses you. The adder closely misses you.
You closely miss the adder. The adder closely misses you.
The adder bites you but does no damage.
You closely miss the adder. The adder bites you but does no damage.
You barely miss the adder. The adder bites you. The adder barely misses you.
You take 2 damage, and have 16/18 hp.
You barely miss the adder. Your punch misses the adder.
The adder bites you but does no damage. The adder bites you.
You take 3 damage, and have 13/18 hp.
You sock the adder!
The adder is severely wounded.
The adder bites you but does no damage. The adder closely misses you.
You miss the adder.
The adder is severely wounded.
The adder closely misses you.
You hit the adder.
The adder is severely wounded.
The adder closely misses you. The adder bites you.
You take 3 damage, and have 10/18 hp.
You barely miss the adder.
The adder is severely wounded.
The adder bites you but does no damage. The adder closely misses you.
You miss the adder. Your punch misses the adder.
The adder is severely wounded.
The adder bites you.
* * * LOW HITPOINT WARNING * * *
You take 4 damage, and have 7/18 hp.
MASSIVE DAMAGE!!
You sock the adder!
You kill the adder!
Cheibriados appreciates the change of pace.
The orc closely misses you.
Your Maces & Flails skill increases to level 2!
You have reached level 2!
Your demonic ancestry asserts itself...
Molten scales grow over part of your body.
You regained 3 hp, and now have 10/24 hp.
MP restored: 2 You barely miss the orc.
The orc hits you but does no damage.
You hit the orc.
The orc is heavily wounded.
The orc hits you with a +0 hand axe.
* * * LOW HITPOINT WARNING * * *
You take 4 damage, and have 6/24 hp.
You hit the orc.
The orc is severely wounded.
The orc hits you with a +0 hand axe.
* * * LOW HITPOINT WARNING * * *
The orc hits you with a +0 hand axe.
You die... .█ . . ███████

.......
.<.....
....?..█████
.......o@..█
.......███.█
....... █.█
....... █.█
....... █.█


███████ █.█ █.█ █.█ █.█ You could see an orc.

Vanquished Creatures
  An adder (D:5)
1 creature vanquished.

Notes
Turn   | Place    | Note
-------+----------+-------------------------------------------
     0 | D:5      | Goblin1989 the Demonspawn Delver began the quest for the
                  | Orb.
     0 | D:5      | Reached XP level 1. HP: 18/18 MP: 1/1
     6 | Temple   | Entered the Ecumenical Temple
    13 | Temple   | Became a worshipper of Cheibriados the Contemplative
    36 | D:5      | Noticed an iguana
    75 | D:5      | Noticed a hound
   118 | D:5      | Noticed a jelly
   222 | D:5      | Gained mutation: You are partially covered in molten
                  | scales. (AC +2) [demonic ancestry]
   222 | D:5      | Reached XP level 2. HP: 10/24 MP: 2/2
   224 | D:5      | Slain by an orc

Illustrated notes

Levels and vault maps discovered:
D:5:      layout_basic, temple_fountains, roderic_lattice_a, uniq_menkaure,
          uniq_grinder, uniq_crazy_yiuf_cottage
Temple:   nicolae_temple_no_exploring_needed

Skill      XL: |  1 |
---------------+----+-----
Maces & Flails | 2 |  2.5
Fighting       | |  3.0
Dodging        | |  1.7
Stealth        | |  4.5

Action                     || total
---------------------------++-------
  Melee: Mace              ||    15
 Armour: Leather armour    ||    14
  Dodge: Dodged            ||     9
